 Dungeon Crawl Stone Soup version 0.15-a0-2198-g7f377d1 (webtiles) character file.

1130 MrRokkomies the Quickloader (level 8, -2/54 HPs)
             Began as a Formicid Hunter on July 23, 2014.
             Slain by a wight
             ... wielding a +1 morningstar
              (7 damage)
             ... on Level 6 of the Dungeon.
             The game lasted 00:19:25 (6984 turns).

MrRokkomies the Quickloader (Formicid Hunter)       Turns: 6984, Time: 00:19:25

HP  -2/54        AC 11     Str 17      XL: 8   Next: 62%
MP  11/11        EV  6     Int 14      God:
Gold 304         SH  0     Dex 13      Spells:  0 memorised,  7 levels left

rFire  + . .     SeeInvis +     a - +0 great sword
rCold  . . .     Clarity  +     j - +2 chain mail {rF+}
rNeg   . . .     rCorr    .     (no shield)
rPois  .         rRot     .     (helmet unavailable)
rElec  .         Spirit   .     (no cloak)
SustAb .         Warding  .     (no gloves)
rMut   .         Stasis   +     (no boots)
Gourm  .                        q - amulet of clarity
MR     .....                    (no ring)
                                r - +3 ring of intelligence

@: drained, not resistant to hostile enchantments, extremely unstealthy
A: permanent stasis, dig shafts and tunnels, four strong arms, antennae 3
a: Dig, Shaft Self


You were on level 6 of the Dungeon.
You were not hungry.

You visited 1 branch of the dungeon, and saw 6 of its levels.

You collected 304 gold pieces.

Inventory:

Hand weapons
 a - a +0 great sword (weapon)
 b - a +1 hand crossbow
 v - a +2 whip of venom
Missiles
 c - 25 bolts
 e - 18 poisoned needles
 x - 6 stones (quivered)
Armour
 j - a +2 chain mail of fire resistance (worn)
Magical devices
 u - a wand of slowing (14)
 B - a wand of confusion (4)
Comestibles
 f - 7 bread rations
 g - 2 royal jellies
 h - 3 meat rations
 C - a chunk of hobgoblin flesh
Scrolls
 l - 2 scrolls of remove curse
 n - 2 scrolls of immolation
 s - a scroll of amnesia
 w - a scroll of enchant weapon {unknown}
 A - 2 scrolls of random uselessness
Jewellery
 q - an amulet of clarity (around neck)
 r - a +3 ring of intelligence (left hand)
Potions
 d - a potion of lignification
 i - a potion of cancellation
 k - 2 potions of curing
 m - a potion of agility {unknown}
 o - 2 potions of invisibility {unknown}
 p - a potion of haste {unknown}
 t - a potion of magic {unknown}
 z - a potion of brilliance {unknown}
Books
 y - a book of Control

   Spells                             Type                      Level
   Control Teleport                   Charms/Translocation         4
   Control Undead                     Necromancy                   4
   Enslavement                        Hexes                        4
   Metabolic Englaciation             Hexes/Ice                    5
   Mass Confusion                     Hexes                        6


   Skills:
 - Level 1.4(0.8) Fighting
 * Level 2.4(1.8) Long Blades
 * Level 8.6(7.9) Crossbows
 - Level 5.3(4.6) Armour
 - Level 1.7(1.1) Dodging
 - Level 1.2(0.6) Stealth


You had 7 spell levels left.
You didn't know any spells.

Dungeon Overview and Level Annotations

Branches:
Dungeon (6/15)
 Temple: D:4-7

Altars:
Okawaru
Sif Muna

Annotations:
D:4 nht's ghost, average MiHu


Innate Abilities, Weirdness & Mutations

Your are under a permanent stasis effect.
You can dig through walls and to a lower floor.
Your four strong arms can wield two-handed weapons with a shield.
You have a pair of large antennae on your head (SInv).


Message History

The wight is severely damaged.
The wight hits you but does no damage.
You barely miss the wight.
The wight is severely damaged.
The wight hits you with a runed morningstar!
* * * LOW HITPOINT WARNING * * *
You feel drained.
* * * LOW HITPOINT WARNING * * *
You hit the wight but do no damage.
The wight is severely damaged.
The wight barely misses you.
Your chain mail prevents you from hitting the wight.
The wight is severely damaged.
The wight hits you but does no damage.
You barely miss the wight.
The wight is severely damaged.
The wight hits you with a runed morningstar.
* * * LOW HITPOINT WARNING * * *
The wight hits you with a runed morningstar!
You die...

#.........##.#
#.........##.# ##
#.........##.# #.
#.........##.# #.
#.........##.# #.
####.........##.# #.
#.....(......##.# #.
###...).#########.####'
##.....@...## #......
##..#..).z#..## #......
######.##.#.###(##.##
#......
#.....##.⌠.###.♣(##.##
#.####+
#....####.###.#.####.###.#
#.
#....#.###.#.#.###.#...#.#
#.
#...#.⌠.###.8.###.♣.#....#
#.
#....#.#.###{###.#.#...#.#
#.
#....####.###.#.####.###.#
#.


You could see a wight.

Vanquished Creatures
  Grinder (D:4)
  Prince Ribbit (D:5)
  A phantom (D:4)
  A centaur (D:5)
  2 giant frogs
  A scorpion (D:6)
  2 wights (D:6)
  A hound (D:6)
  A jelly (D:6)
  An orc wizard (D:3)
  A worker ant (D:5)
  A scorpion zombie (D:6)
  3 adders
  A giant mite (D:5)
  A shadow imp (D:5)
  3 worms
  8 giant geckos
  An ooze (D:6)
  6 orcs
  3 ball pythons (D:1)
  9 bats
  A bat skeleton (D:4)
  4 giant cockroaches
  9 hobgoblins
  2 jackals (D:3)
  4 giant newts
  15 goblins
  16 kobolds
  A quokka (D:2)
  14 rats
  A rat skeleton (D:3)
116 creatures vanquished.

Vanquished Creatures (others)
  A giant spore (D:6)
1 creature vanquished.

Grand Total: 117 creatures vanquished

Notes
Turn   | Place    | Note
--------------------------------------------------------------
     0 | D:1      | MrRokkomies, the Formicid Hunter, began the quest for the Orb.
     0 | D:1      | Reached XP level 1. HP: 15/15 MP: 1/1
   180 | D:1      | Reached XP level 2. HP: 21/21 MP: 3/3
   530 | D:1      | Reached XP level 3. HP: 3/26 MP: 4/4
  1574 | D:2      | Reached skill level 1 in Armour
  1869 | D:2      | Reached XP level 4. HP: 29/32 MP: 5/5
  2125 | D:2      | Reached skill level 5 in Crossbows
  2591 | D:3      | Found a deep blue altar of Sif Muna.
  2824 | D:3      | Reached XP level 5. HP: 27/37 MP: 7/7
  3272 | D:4      | Noticed nht's ghost (average MiHu)
  3581 | D:4      | Noticed Grinder
  3611 | D:4      | Killed Grinder
  3611 | D:4      | Reached skill level 6 in Crossbows
  3611 | D:4      | Reached XP level 6. HP: 12/43 MP: 8/8
  3611 | D:4      | Reached XP level 7. HP: 13/48 MP: 9/9
  3942 | D:4      | Noticed a phantom
  4082 | D:4      | Killed a phantom
  4082 | D:4      | Reached skill level 7 in Crossbows
  4273 | D:4      | You fall through a shaft!
  4273 | D:5      | Entered Level 5 of the Dungeon
  4614 | D:5      | Found an iron altar of Okawaru.
  5696 | D:5      | Noticed Prince Ribbit
  5722 | D:5      | Killed Prince Ribbit
  5722 | D:5      | Reached skill level 8 in Crossbows
  5722 | D:5      | Reached skill level 5 in Armour
  5722 | D:5      | Reached XP level 8. HP: 12/54 MP: 11/11
  6375 | D:6      | Reached skill level 1 in Long Blades
  6984 | D:6      | Slain by a wight

Action                   |  1- 3 |  4- 6 |  7- 9 || total
-------------------------+-------+-------+-------++-------
Melee: Short sword       |   152 |     1 |       ||   153
       Whip              |       |    98 |       ||    98
       Great sword       |       |     6 |   175 ||   181
 Fire: Hand crossbow     |    19 |    22 |    52 ||    93
Throw: Stone             |       |       |     8 ||     8
 Abil: Shaft Self        |       |       |     1 ||     1
Evoke: Wand              |       |       |     1 ||     1
  Use: Scroll            |       |     7 |     6 ||    13
       Potion            |       |       |     2 ||     2
  Eat: Chunk             |     3 |     4 |     7 ||    14
       Pizza             |       |     1 |       ||     1
       Beef jerky        |       |       |     3 ||     3
